 Dungeon Crawl Stone Soup version 0.30-a0-2-gf48d83f5e2 (webtiles) character file.

Game seed: 13709019674133442489

2730 frimble the Cutter (level 9, 0/103 HPs)
             Began as a Demonspawn Earth Elementalist on Aug 20, 2022.
             Was a Follower of Cheibriados.
             Succumbed to a hornet's poison
             ... on level 9 of the Dungeon.
             The game lasted 00:13:31 (10059 turns).

frimble the Cutter (Demonspawn Earth Elementalist) Turns: 10059, Time: 00:13:32

Health: 0/103      AC: 24    Str:  8 (10) XL:     9   Next: 40%
Magic:  12/12      EV:  2    Int: 21 (22) God:    Cheibriados [*.....]
Gold:   393        SH:  4    Dex: 16 (17) Spells: 3/12 levels left

rFire   . . .      SeeInvis .    k - +6 dagger
rCold   + . .      Faith    .    (no shield)
rNeg    + . .      Spirit   .    (body armour currently unavailable)
rPois   +          Reflect  .    (helmet currently unavailable)
rElec   .          Harm     .    (cloak currently unavailable)
rCorr   .          Rampage  .    (gloves currently unavailable)
Will    .....      NoTele   +    (boots currently unavailable)
Stlth   +++.......               (no amulet)
HPRegen 0.27/turn                c - ring of protection from cold
MPRegen 0.13/turn                e - ring of positive energy

@: lethally poisoned (0 -> -6), tree-form, very slow
A: stationary, stasis, torment immunity, boosted hp, (antennae 2), (sanguine
armour 1), condensation shield, demonic magic 1
a: Renounce Religion, Bend Time


You were on level 9 of the Dungeon.
You worshipped Cheibriados.
Cheibriados was aware of your devotion.
You were a tree.
You visited 1 branch of the dungeon, and saw 9 of its levels.

You collected 393 gold pieces.

Inventory:

Hand Weapons
 g - a +0 short sword
 k - a +6 dagger (weapon)
Missiles
 m - 4 javelins
Armour
 a - a +0 robe (melded)
 d - the +2 cloak of the Game Afoot (melded) {Slay+3}
   (You acquired it on level 1 of the Dungeon)

   Slay:      It affects your accuracy & damage with ranged weapons and melee
   (+3).
 q - a +0 pair of gloves (melded)
 v - a +0 pair of boots (melded)
 C - a scarf of resistance
Jewellery
 c - a ring of protection from cold (left branch)
 e - a ring of positive energy (right branch)
 p - a ring of see invisible
Wands
 w - a wand of acid (15)
 x - a wand of flame (10)
Scrolls
 h - 2 scrolls of butterflies
 l - a scroll of teleportation
 r - a scroll of fear
Potions
 f - a potion of mutation
 i - a potion of resistance
 j - a potion of flight
 n - 2 potions of cancellation
 s - 2 potions of attraction
 t - 2 potions of brilliance
 u - a potion of invisibility
 z - a potion of might


   Skills:
 - Level 6.1 Fighting
 + Level 7.8 Short Blades
 - Level 1.8 Dodging
 - Level 5.1 Stealth
 - Level 2.0 Spellcasting
 + Level 2.5 Transmutations
 + Level 3.4 Earth Magic
 + Level 3.3 Invocations
 + Level 2.4 Evocations


You had 3 spell levels left.
You knew the following spells:

 Your Spells              Type           Power      Damage    Failure   Level
a - Sandblast             Erth           32%        2d9       3%          1
b - Passwall              Tmut/Erth      11%        N/A       6%          2
c - Statue Form           Tmut/Erth      9%         N/A       100%        6

Your spell library contained the following spells:

 Spells                   Type           Power      Damage    Failure   Level
 Wereblood                Tmut           12%        N/A       8%          2
 Sublimation of Blood     Necr           2%         N/A       22%         2
 Stone Arrow              Conj/Erth      18%        3d8       22%         3
 Dazzling Flash           Conj/Hex       4%         N/A       41%         3
 Petrify                  Tmut/Erth      14%        N/A       38%         4
 Animate Armour           Summ/Erth      18%        N/A       58%         4
 Leda's Liquefaction      Hex/Erth       4%         N/A       58%         4
 Lee's Rapid Deconstruct  Erth           8%         3d8*      69%         5
 Blade Hands              Tmut           6%         N/A       82%         5
 Irradiate                Conj/Tmut      3%         3d12      94%         5
 Agony                    Necr           2%         N/A       99%         5
 Silence                  Hex/Air        1%         N/A       99%         5
 Summon Forest            Summ/Tloc      1%         N/A       99%         5
 Summon Mana Viper        Hex/Summ       2%         N/A       99%         5
 Iron Shot                Conj/Erth      4%         9d2       100%        6
 Summon Cactus Giant      Summ           1%         N/A       100%        6
 Summon Hydra             Summ           1%         N/A       100%        7


Dungeon Overview and Level Annotations

Branches:
Dungeon (9/15)             Temple (0/1) D:7
   Lair: D:8-11         Orc: D:9-12

Altars:
Cheibriados
Makhleb
Nemelex Xobeh
Trog
Uskayaw

Shops:
D:5 *

Annotations:
D:3 Terence
D:6 apporto
D:8 Gastronok


Innate Abilities, Weirdness & Mutations

You are a tree.
Your roots penetrate the ground, keeping you stationary.
You cannot be teleported.
You are immune to unholy pain and torment.
Your maximum health is greatly increased.
Your equipment is partially melded.
((You have a pair of antennae on your head.))
((When seriously injured, your blood forms armour. (AC +0)))
A meltable shield of frost defends you. (SH +4)
Spells you cast may paralyse adjacent enemies.


Message History

The hornet barely misses you. The hornet completely misses you.
You can move again.
Okay, then.
Really quaff the potion of lignification?
You turn into a tree.
The +2 cloak of the Game Afoot {Slay+3} melds into your body.
Your +0 pair of gloves melds into your body.
Your +0 pair of boots melds into your body.
Your +0 robe melds into your body.
Your roots penetrate the ground.
Your blood armour dries and flakes away.
* * * LOW HITPOINT WARNING * * *
You feel very sick.
The hornet stings you but does no damage.
Okay, then.
Aiming: Sandblast (safe; 3% risk of failure)
Press: ? - help, Q - select action, (/) - cycle Shift-Dir - straight line, f/p - hornet
Aim: a hornet (moderately wounded, 73% to hit)
The blast of sand hits the hornet.
The hornet is heavily wounded.
Malevolent energies surge around you.
The hornet suddenly stops moving!
* * * LOW HITPOINT WARNING * * *
You feel very sick.
The helpless hornet fails to defend itself.
You skewer the hornet like a kebab!!!
You kill the hornet!
* * * LOW HITPOINT WARNING * * *
You feel sick.
Your Invocations skill increases to level 3!
It was a potion of flight.
Your roots keep you in place.
* * * LOW HITPOINT WARNING * * *
You feel sick.
Okay, then.
Okay, then.
Magic courses through your body.
* * * LOW HITPOINT WARNING * * *
You feel sick.
Unknown command.
* * * LOW HITPOINT WARNING * * *
You feel sick.
You die...

#............
#...#........
#$..#........
#..>...(..[
.........
#.....#
+..†..#
###..♣..#
#.+.....##
#)#......#
#.<.##...#
###.#8...8#
####...##
#...# ....#
.....8


There were no monsters in sight!

Vanquished Creatures
  A hornet (D:9)
  Eustachio (D:4)
  A wyvern (D:8)
  Edmund (D:4)
  2 water moccasins
  An ice beast (D:5)
  2 black bears
  Pargi (D:3)
  An ogre (D:6)
  2 centaurs
  3 necrophages
  4 scorpions
  A killer bee (D:8)
  An electric eel (D:6)
  3 howler monkeys
  A jelly (D:7)
  Crazy Yiuf (D:7)
  2 gnoll boudas
  2 orc priests (D:4)
  An iron imp (D:6)
  2 iguanas (D:6)
  4 orc wizards
  A hound skeleton (D:4)
  14 gnolls
  7 adders
  A white imp (D:7)
  An ufetubus (D:5)
  2 worms
  A dart slug (D:3)
  24 orcs
  6 ball pythons
  12 endoplasms
  5 giant cockroaches
  5 goblins
  4 hobgoblins
  4 jackals (D:5)
  11 kobolds
  4 bats
  A frilled lizard (D:1)
  4 rats
145 creatures vanquished.

Vanquished Creatures (others)
  A bush (D:6)
  A fungus (D:7)
2 creatures vanquished.

Grand Total: 147 creatures vanquished

Notes
Turn   | Place    | Note
-------+----------+-------------------------------------------
     0 | D:1      | frimble the Demonspawn Earth Elementalist began the quest
                  | for the Orb.
     0 | D:1      | Reached XP level 1. HP: 13/13 MP: 3/3
   103 | D:1      | Reached skill level 1 in Transmutations
   569 | D:1      | Identified a scroll of acquirement
   569 | D:1      | Acquired the +2 cloak of the Game Afoot {Slay+3}
   681 | D:1      | Gained mutation: A meltable shield of frost defends you.
                  | (SH +4) [demonic ancestry]
   681 | D:1      | Reached XP level 2. HP: 19/19 MP: 5/5
  1006 | D:1      | Reached skill level 1 in Short Blades
  1243 | D:2      | Found a faded altar of an unknown god.
  1283 | D:2      | Reached skill level 1 in Fighting
  1283 | D:2      | Reached XP level 3. HP: 23/26 MP: 6/6
  1697 | D:3      | Noticed Terence
  2169 | D:1      | Reached skill level 2 in Short Blades
  3057 | D:3      | Reached XP level 4. HP: 32/33 MP: 7/7
  3086 | D:3      | Noticed Pargi
  3133 | D:3      | Killed Pargi
  3134 | D:3      | Gained mutation: You have a pair of small antennae on your
                  | head. [demonic ancestry]
  3134 | D:3      | Reached XP level 5. HP: 15/41 MP: 3/8
  3450 | D:3      | Noticed a +0 dagger
  3450 | D:3      | Noticed a +0 short sword
  3450 | D:3      | Noticed a +0 spear
  3451 | D:3      | Noticed a +0 falchion
  3452 | D:3      | Noticed a +0 dagger
  3453 | D:3      | Noticed a +0 short sword
  3453 | D:3      | Noticed a +0 spear
  3454 | D:3      | Noticed a +0 falchion
  3540 | D:3      | Found a hide-covered altar of Uskayaw.
  3759 | D:2      | Reached skill level 3 in Short Blades
  4204 | D:2      | Found a sparkling altar of Nemelex Xobeh.
  4396 | D:2      | HP: 3/61 [gnoll/+0 whip (4)]
  4818 | D:4      | Noticed Eustachio
  4841 | D:4      | Reached XP level 6. HP: 40/48 MP: 9/9
  4869 | D:4      | Killed Eustachio
  4870 | D:4      | Reached skill level 4 in Short Blades
  5147 | D:4      | Noticed Edmund
  5337 | D:4      | Gained mutation: You have a pair of antennae on your head.
                  | [demonic ancestry]
  5337 | D:4      | Reached XP level 7. HP: 39/55 MP: 10/10
  5708 | D:4      | Reached skill level 5 in Fighting
  5747 | D:4      | Found a burning altar of Makhleb.
  5758 | D:4      | Reached skill level 5 in Short Blades
  5817 | D:5      | Entered Level 5 of the Dungeon
  5941 | D:5      | Found a sparkling altar of Nemelex Xobeh.
  6579 | D:5      | Found Bocs's General Store.
  6614 | D:5      | Gained mutation: When seriously injured, your blood forms
                  | armour. (AC +0) [demonic ancestry]
  6614 | D:5      | Reached XP level 8. HP: 64/64 MP: 11/11
  6957 | D:4      | Killed Edmund
  6958 | D:4      | Reached skill level 6 in Short Blades
  7411 | D:6      | Found a snail-covered altar of Cheibriados.
  7427 | D:6      | Became a worshipper of Cheibriados the Contemplative
  7792 | D:6      | Reached skill level 7 in Short Blades
  8237 | D:6      | Reached skill level 5 in Stealth
  8285 | D:6      | Learned a level 2 spell: Passwall
  8522 | D:7      | Found a staircase to the Ecumenical Temple.
  8582 | D:7      | Reached skill level 1 in Invocations
  8899 | D:7      | Gained mutation: Spells you cast may paralyse adjacent
                  | enemies. [demonic ancestry]
  8899 | D:7      | Reached XP level 9. HP: 69/69 MP: 12/12
  8904 | D:7      | Reached skill level 1 in Evocations
  8911 | D:7      | Learned a level 6 spell: Statue Form
  9087 | D:7      | Found a bloodstained altar of Trog.
  9754 | D:7      | Found a runed translucent door.
  9755 | D:7      | Noticed Crazy Yiuf
  9762 | D:7      | Killed Crazy Yiuf
  9816 | D:8      | Reached * piety under Cheibriados
  9841 | D:8      | Noticed Gastronok
 10045 | D:9      | Paralysed by a hornet for 1 turns
 10050 | D:9      | Paralysed by a hornet for 3 turns
 10055 | D:9      | HP: 4/103 [poisoned by a hornet]
 10057 | D:9      | HP: 1/103 [poisoned by a hornet]
 10059 | D:9      | Succumbed to a hornet's poison

Illustrated notes

Levels and vault maps discovered:
D:1:      lightli_arrival_quake, layout_basic, item_on_display_a
D:2:      layout_rooms, shapermc_ecumenical_altar_flowoftime, basic_altar
D:3:      layout_loops_corners, nicolae_uskayaw_en_pointe, uniq_terence,
          uniq_pargi
D:4:      layout_basic, makhleb_blood_cavern_becter, corexii_leaking_fountain,
          uniq_edmund, uniq_eustachio
D:5:      layout_loops_ring, mainiacjoe_overflow_surrounded_room, serial_shops,
          shop, kennysheep_flooded_box
D:6:      layout_basic, slow_altar_1, fountainhead, minmay_hedge_maze,
          nrook_pool_corridor, lemuel_flame_loot_1
D:7:      layout_gridville, trog_book, minmay_temple_entry_trees,
          uniq_crazy_yiuf_cottage
D:8:      layout_rooms, old_standard_altar, erik_lair_dragon, ebering_ghost_xom,
          chequers_serial_rivers_micro_e, kennysheep_cross_bottleneck,
          uniq_gastronok, uniq_joseph
D:9:      layout_basic, serial_corexii_hall, corexii_hall_statues_i,
          corexii_hall_statues_l, corexii_hall_statues_s,
          corexii_hall_statues_x, feat_on_display, uniq_erolcha

Skill      XL: |  1  2  3  4  5  6  7  8  9 |
---------------+----------------------------+-----
Transmutations | 1 2 |  2.5
Short Blades   | 1 2 3 4 5 7 |  7.8
Fighting       | 1 2 3 4 6 |  6.1
Stealth        | 2 5 |  5.1
Invocations    | 1 3 |  3.3
Evocations     | 2 |  2.4
Earth Magic    | 3 |  3.4
Dodging        | |  1.8
Spellcasting   | |  2.0

Action                   |  1- 3 |  4- 6 |  7- 9 || total
-------------------------+-------+-------+-------++-------
Melee: Dagger            |   103 |    88 |   293 ||   484
       Unarmed           |     3 |       |       ||     3
       Punch             |     1 |     1 |     7 ||     9
       Short sword       |     9 |    51 |       ||    60
 Cast: Sandblast         |     7 |     4 |     9 ||    20
  Use: Scroll            |     8 |     1 |    11 ||    20
       Potion            |       |     1 |     8 ||     9
 Stab: Sleeping          |     6 |     4 |    10 ||    20
       Distracted        |       |     1 |       ||     1
       Paralysed         |       |       |     1 ||     1
Armor: Robe              |    21 |    33 |    73 ||   127
       Skin              |       |       |     1 ||     1
Dodge: Dodged            |    73 |    79 |   139 ||   291
Block: Other             |    13 |    24 |    34 ||    71

Table legend: (Time is in decaauts)
 A = Elapsed time spent in this place.
 B = Non-inter-level travel time spent in this place.
 C = Inter-level travel time spent in this place.
 D = Time resting spent in this place.
 E = Time spent auto-exploring this place.
 F = Levels seen in this place.
 G = Mean time per level.
                   A        B        C        D        E       F      G
               +--------+--------+--------+--------+--------+-----+--------+
         Total |  10499 |  10155 |    344 |    753 |   7961 |   9 | 1166.6 |
       Dungeon |  10499 |  10155 |    344 |    753 |   7961 |   9 | 1166.6 |
               +--------+--------+--------+--------+--------+-----+--------+

Top non-repeatable levels by time:
     D:1: 2074 daAuts
     D:7: 1768 daAuts
     D:3: 1473 daAuts
     D:4: 1322 daAuts
     D:6: 1259 daAuts
     D:2: 1247 daAuts
     D:5: 1090 daAuts
     D:9: 192 daAuts
     D:8: 70 daAuts
